 Dungeon Crawl Stone Soup version 0.30.1 (webtiles) character file.

Game seed: 6347017048811267648

96 Arctor the Insei (level 4, -1/29 HPs)
             Began as an Octopode Transmuter on July 9, 2023.
             Constricted to death by Natasha (3 damage)
             ... on level 2 of the Dungeon.
             The game lasted 00:01:30 (1095 turns).

Arctor the Insei (Octopode Transmuter)              Turns: 1095, Time: 00:01:31

Health: -1/29      AC:  1    Str:  9    XL:     4   Next: 67%
Magic:  7/7        EV: 10    Int: 17    God:
Gold:   78         SH:  0    Dex: 12    Spells: 3/8 levels left

rFire   . .          .
                       - Unarmed
rCold   . . .        (no shield)
rNeg    . . .        (helmet currently unavailable)
rPois   .            e - amulet of magic regeneration
rElec   .            (no ring)
rCorr   .            (no ring)
SInv    .            (no ring)
Will    .....        (no ring)
Stlth   ++           (no ring)
HPRegen 0.24/turn    (no ring)
MPRegen 0.50/turn    (no ring)
                     (no ring)

%: no passive effects
@: appendages, grasped by roots, constricted
A: tentacle spike 3, almost no armour, amphibious, 8 rings, camouflage 1,
gelatinous body 1, (nimble swimmer 1), tentacles
a: End Transformation


You were on level 2 of the Dungeon.
One of your tentacles had grown a beastly spike.
You visited 1 branch of the dungeon, and saw 2 of its levels.

You collected 78 gold pieces.

Inventory:

Jewellery
 e - an amulet of magic regeneration (around mantle)
Scrolls
 d - a scroll of blinking {unknown}
 f - a scroll of identify {unknown}
Potions
 c - 3 potions of curing


   Skills:
 + Level 2.0 Fighting
 + Level 2.6 Dodging
 + Level 3.5 Unarmed Combat
 + Level 2.5 Spellcasting
 + Level 2.7 Transmutations


You had 3 spell levels left.
You knew the following spells:

 Your Spells              Type           Power      Damage    Failure   Level
a - Beastly Appendage     Tmut           22%        N/A       6%          1
b - Ice Form              Ice/Tmut       6%         N/A       71%         4

Your spell library contained the following spells:

 Spells                   Type           Power      Damage    Failure   Level
 Wereblood                Tmut           11%        N/A       9%          2
 Spider Form              Tmut/Pois      6%         N/A       30%         3


Dungeon Overview and Level Annotations

Branches:
Dungeon (2/15)

Altars:

Annotations:
D:2 Natasha


Innate Abilities, Weirdness & Mutations

One of your tentacles has grown a beastly spike.
You cannot wear most types of armour.
You are amphibious.
You can wear up to eight rings at the same time.
Your skin changes colour to match your surroundings (Stealth+).
Your rubbery body absorbs attacks. (AC +1, EV +1)
((You are camouflaged when in or above water. (Stealth+)))
You have tentacles for arms and can constrict up to eight enemies at once.


Message History

* * * LOW HITPOINT WARNING * * *
You feel sick. The adder bites you.
* * * LOW HITPOINT WARNING * * *
It was a potion of brilliance.
You feel clever all of a sudden.
* * * LOW HITPOINT WARNING * * *
You feel sick. The adder closely misses you.
It was a potion of curing.
You feel better. The adder bites you.
You miss the adder. You grab the adder.
Your tentacle spike misses the adder.
The adder is severely wounded.
You constrict the adder. The adder bites you. The adder closely misses you.
You barely miss the adder.
Your tentacle spike misses the adder.
Your squeeze misses the adder.
The adder is almost dead.
You constrict the adder.
You kill the adder!
You start resting.
Your transformation is almost over.
Your tentacle spike disappears.
You feel a little less clever now.
Natasha, Servant of Life and Death comes into view.
She is carrying a wand of roots (7).
Natasha is nearby!
Natasha is nearby!
Natasha hisses angrily.
One of your tentacles grows a vicious spike.
Natasha zaps a wand.
The roots erupt in riotous growth!
The grasping roots grab you!
Natasha is unaffected.
The grasping roots constrict you.
You tentacle-slap Natasha. Your grab misses Natasha.
Natasha is lightly wounded.
Natasha claws you! The grasping roots constrict you.
You are too injured to fight recklessly!
You are too injured to fight recklessly!
You are too injured to fight recklessly!
You barely miss Natasha. You grab Natasha. Your squeeze misses Natasha.
Natasha is lightly wounded.
You constrict Natasha. Natasha claws you!
* * * LOW HITPOINT WARNING * * *
The grasping roots constrict you.
You die...

#>......# #.......#
#.......+ #.......#
#.......# #.......#
#.#.....#
#.##.#†h###
#########.##.##.@.##
..........##.###†..#
.###########.#
#......... .# #.#
####.#.... .# #.#
^.#### .# #$ ..# .#
.... .# ..## .# #.#


You could see Natasha.

Vanquished Creatures
  Natasha (twice) (D:2)
  An adder (D:2)
  A gnoll (D:1)
  A worm (D:2)
  An endoplasm (D:1)
  A giant cockroach (D:1)
  3 goblins (D:1)
  2 hobgoblins (D:2)
  5 jackals (D:1)
  3 ball pythons
  4 bats (D:1)
  2 frilled lizards
  A kobold (D:1)
  A rat (D:1)
28 creatures vanquished.

Notes
Turn   | Place    | Note
-------+----------+-------------------------------------------
     0 | D:1      | Arctor the Octopode Transmuter began the quest for the Orb.
     0 | D:1      | Reached XP level 1. HP: 13/13 MP: 3/3
   158 | D:1      | Reached XP level 2. HP: 7/18 MP: 5/5
   519 | D:1      | Reached XP level 3. HP: 22/23 MP: 6/6
   784 | D:2      | Noticed Natasha
   794 | D:2      | Killed Natasha
   848 | D:2      | Noticed an ogre
   916 | D:2      | Reached XP level 4. HP: 29/29 MP: 7/7
   965 | D:2      | Noticed Natasha
   974 | D:2      | Killed Natasha
   987 | D:2      | Learned a level 4 spell: Ice Form
  1091 | D:2      | Noticed Natasha
  1095 | D:2      | Constricted to death by Natasha

Illustrated notes

Levels and vault maps discovered:
D:1:      sevenhm_arrival_forest_fort_large_3, layout_basic, glass_columns_b
D:2:      layout_basic, shapermc_ecumenical_altar_ellora, uniq_natasha

Skill      XL: |  1  2  3  4 |
---------------+-------------+-----
Fighting       | 2 |  2.0
Dodging        | |  2.6
Unarmed Combat | |  3.5
Spellcasting   | |  2.5
Transmutations | |  2.7

Action                     |  1- 3 |  4- 6 || total
---------------------------+-------+-------++-------
  Melee: Unarmed           |    65 |    21 ||    86
         Tentacles         |     7 |     3 ||    10
         Kick              |    10 |     7 ||    17
         Constrict         |    15 |     5 ||    20
         Punch             |     6 |       ||     6
   Cast: Beastly Appendage |    14 |     5 ||    19
    Use: Potion            |     1 |     2 ||     3
   Stab: Sleeping          |     3 |       ||     3
 Armour: Skin              |    14 |       ||    14
  Dodge: Dodged            |    45 |    10 ||    55
